 Dungeon Crawl Stone Soup version 0.30-b1-2-g02819fbbbe (webtiles) character file.

Game seed: 8451301654693577346

8 sanka the Magician (level 2, -1/22 HPs)
             Began as a Djinni Hexslinger on May 18, 2023.
             Slain by a jackal (3 damage)
             ... on level 1 of the Dungeon.
             The game lasted 00:00:31 (175 turns).

sanka the Magician (Djinni Hexslinger)               Turns: 175, Time: 00:00:31

Health: -1/22      AC:  2    Str:  9    XL:     2   Next: 15%
Gold:   9          EV: 12    Int: 14    God:
                   SH:  0    Dex: 13

rFire   + + .        a - +1 sling
rCold   x . .        (no shield)
rNeg    . . .        c - +0 robe
rPois   ∞            (no helmet)
rElec   .            (no cloak)
rCorr   .            (no gloves)
SInv    .            (boots unavailable)
Will    .....        (no amulet)
Stlth   +            (no ring)
HPRegen 0.23/turn    (no ring)
MPRegen 0.00/turn

%: infuse magic (-2 HP)
@: flying
A: sickness immunity, fire resistance 2, cold vulnerability 1, float, innate
caster, HP casting, extra vitality 1
a: no special abilities


You were on level 1 of the Dungeon.
You visited 1 branch of the dungeon, and saw 1 of its levels.

You collected 9 gold pieces.

Inventory:

Hand Weapons
 a - a +1 sling (weapon)
Armour
 c - a +0 robe (worn)
Magical Staves
 e - a staff of cold
Scrolls
 b - a scroll of poison
 d - a scroll of teleportation {unknown}


   Skills:
 - Level 1.0 Fighting
 - Level 1.5 Ranged Weapons
 - Level 2.1 Dodging
 + Level 2.8 Spellcasting


You knew the following spells:

 Your Spells              Type           Power      Damage    Failure   Level
a - Slow                  Hex            40%        N/A       7%          1
b - Inner Flame           Hex/Fire       10%        N/A       21%         3
c - Portal Projectile     Hex/Tloc       20%        N/A       21%         3
d - Cause Fear            Hex            5%         N/A       54%         4
Your spell library was empty.

Dungeon Overview and Level Annotations

Branches:
Dungeon (1/15)

Altars:

Shops:
D:1 (


Innate Abilities, Weirdness & Mutations

You are immune to sickness and miasma.
You are immune to poison.
Your flesh is very heat resistant. (rF++)
You are vulnerable to cold. (rC-)
You float through the air rather than walking.
You learn spells naturally, not from books.
Your magical power is your life essence.
You have superior vitality. (+4 MHP)


Message History

You shoot a sling bullet. The sling bullet hits the jackal!
You kill the jackal!
The quokka barely misses you.
You shoot a sling bullet. The sling bullet hits the quokka.
You kill the quokka!
The jackal barely misses you.
You have reached level 2!
You shoot a sling bullet.
The sling bullet closely misses the jackal.
The sling bullet hits the jackal.
The jackal is moderately wounded.
The jackal bites you.
* * * LOW HITPOINT WARNING * * *
The jackal bites you.
* * * LOW HITPOINT WARNING * * *
You shoot a sling bullet. The sling bullet hits the jackal.
The jackal is severely wounded.
The jackal barely misses you. x2
Unknown command.
You shoot a sling bullet. The sling bullet hits the jackal.
You kill the jackal!
Unknown command.
You shoot a sling bullet.
The sling bullet hits the jackal but does no damage.
The jackal is moderately wounded.
The jackal completely misses you. The jackal bites you.
* * * LOW HITPOINT WARNING * * *
Unknown command.
You shoot a sling bullet.
The sling bullet closely misses the jackal.
The jackal misses you. The jackal barely misses you.
You shoot a sling bullet.
The sling bullet hits the jackal but does no damage.
The jackal bites you.
* * * LOW HITPOINT WARNING * * *
The jackal barely misses you.
You shoot a sling bullet.
The sling bullet barely misses the jackal.
The jackal bites you.
You die...

#.######.#.####.#
#...... #.#.# #.#
#$..... #.#.# #.#
#...... ###.#.#
#.# #......
#.....# #.#
#...... #.#.###
#.# +...... #.#.#
#.#
#......#######.#.#
#.#
#..........h@..#.#
#.#
#####.############
#.# # #.# #.#####
#....). ####### #
# #


You could see a jackal.

Vanquished Creatures
  2 goblins (D:1)
  2 jackals (D:1)
  A quokka (D:1)
  2 rats (D:1)
7 creatures vanquished.

Notes
Turn   | Place    | Note
-------+----------+-------------------------------------------
     0 | D:1      | sanka the Djinni Hexslinger began the quest for the Orb.
     0 | D:1      | sanka set off with the following spells memorised: Slow,
                  | Inner Flame, Portal Projectile, Cause Fear.
     0 | D:1      | Reached XP level 1. HP: 17/17 MP: 0/0
    78 | D:1      | Found Jifit's Weapon Shop.
   169 | D:1      | Reached XP level 2. HP: 6/22 MP: 0/0
   174 | D:1      | HP: 1/22 [jackal (3)]
   175 | D:1      | Slain by a jackal

Illustrated notes

Levels and vault maps discovered:
D:1:      evilmike_arrival_grusome_pit, layout_basic, serial_shops,
          nicolae_diamond_shop, shop, nicolae_shop_tiny_glass, shop, shop

Action                     || total
---------------------------++-------
   Fire: Sling             ||    24
   Cast: Slow              ||     6
 Armour: Robe              ||     1
  Dodge: Dodged            ||    26
